[Event "Titled Tuesday Blitz May 4 2021"]
[White "Lewtak, Damian"]
[Black "Yeremyan, Alen"]
[WhiteFideId "1141724"]
[BlackFideId "13308998"]
[WhiteElo "2291"]
[BlackElo "2158"]
[Result "1/2-1/2"]
[Round "08"]
[TimeControl "180+1"]
[Date "2021.05.04"]
[WhiteClock "0:00:29"]
[BlackClock "0:01:11"]

1. d4 Nf6 2. Bf4 g6 3. Nc3 d5 4. e3 Bg7 5. h4 O-O 6. h5 c5 7. h6 Bh8 8. Nf3 Nc6 9. Qd2 Ne4 10. Nxe4 dxe4 11. Ng5 cxd4 12. Bc4 e5 13. Nxf7 Rxf7 14. Bxf7+ Kxf7 15. Bg3 Bf6 16. O-O Be6 17. Kh2 Ne7 18. f4 Nf5 19. fxe5 Bh4 20. Bxh4 Qxh4+ 21. Kg1 Rd8 22. exd4 e3 23. Qxe3 Rxd4 24. Qh3 Qxh3 25. gxh3 Ke7 26. Rf3 Nxh6 27. Rc3 Kd7 28. Rd3 Rxd3 29. cxd3 Nf5 30. d4 Bd5 31. Kf2 Ke6 32. Rd1 Bxa2 33. Kf3 Bd5+ 34. Kf4 a5 35. Kg5 h6+ 36. Kxg6 b5 37. Ra1 a4 38. Rd1 b4 39. Ra1 Bb3 40. d5+ Kxe5 41. Re1+ Kxd5 42. Kxf5 a3 43. bxa3 bxa3 44. Kg6 a2 45. Kxh6 Bc2 46. Ra1 Bb1 47. h4 Kc4 48. Kg7 Kb3 49. h5 Kb2 50. Rxa2+ Kxa2 51. h6 Kb2 52. h7 Bxh7 1/2-1/2


[Site "https://www.chess.com"]

[Event "Titled Tuesday Blitz May 4 2021"]
[White "Lizlov, Alexey"]
[Black "Titichoca Daza, Daniel"]
[WhiteFideId "4179803"]
[BlackFideId "3309550"]
[WhiteElo "2272"]
[BlackElo "1910"]
[Result "1/2-1/2"]
[Round "08"]
[TimeControl "180+1"]
[Date "2021.05.04"]
[WhiteClock "0:00:21"]
[BlackClock "0:00:30"]

1. e4 c5 2. Nf3 Nc6 3. c3 Nf6 4. e5 Nd5 5. d4 cxd4 6. Bc4 Nb6 7. Bb3 d5 8. cxd4 Bg4 9. Be3 e6 10. h3 Bxf3 11. Qxf3 Bb4+ 12. Nc3 Na5 13. Qg4 Kf8 14. O-O Nxb3 15. axb3 a6 16. Rac1 h5 17. Qe2 g6 18. Qd2 Rc8 19. Bg5 Be7 20. Bxe7+ Qxe7 21. Rc2 Kg7 22. Rfc1 Rc6 23. Na4 Nxa4 24. bxa4 Rhc8 25. Rxc6 Rxc6 26. Rxc6 bxc6 27. b4 Qh4 28. Qc3 Qe4 29. f3 Qb1+ 30. Kh2 Qd1 31. a5 Qa4 32. h4 Qb5 33. Qd2 Qc4 34. Kg3 f6 35. exf6+ Kxf6 36. Qf4+ Ke7 37. Qc7+ Kf6 38. Qf4+ Ke7 39. Qc7+ Kf6 40. Qf4+ 1/2-1/2


[Site "https://www.chess.com"]

[Event "Titled Tuesday Blitz May 4 2021"]
[White "Ljukin, Sergei"]
[Black "Zaichenko, Daria"]
[WhiteFideId "14102200"]
[BlackFideId "4197453"]
[WhiteElo "2287"]
[BlackElo "2039"]
[Result "0-1"]
[Round "08"]
[TimeControl "180+1"]
[Date "2021.05.04"]
[WhiteClock "0:00:35"]
[BlackClock "0:00:16"]

1. e4 c5 2. Nf3 Nc6 3. d4 cxd4 4. Nxd4 Nf6 5. Nc3 d6 6. Bc4 e5 7. Nxc6 bxc6 8. Bg5 Be7 9. Qd2 h6 10. Bh4 O-O 11. O-O-O Rb8 12. Bxf6 Bxf6 13. Qxd6 Qb6 14. Bb3 Be6 15. f3 Rbd8 16. Qa3 a5 17. Bxe6 fxe6 18. Qb3 Qe3+ 19. Kb1 Rb8 20. Qxe6+ Kh8 21. Qc4 Rb4 22. Qd3 Qb6 23. b3 Rd8 24. Qe2 Ra8 25. Rd6 Be7 26. Nd5 Qc5 27. Nxb4 axb4 28. Rd7 Bg5 29. Rhd1 Qa5 30. a4 bxa3 31. Ka2 Qc3 32. Rb1 Bc1 33. Qd3 Qb2+ 0-1


[Site "https://www.chess.com"]

[Event "Titled Tuesday Blitz May 4 2021"]
[White "Lomaia, Diana"]
[Black "Landaw, Julian"]
[WhiteFideId "13612476"]
[BlackFideId "2023342"]
[WhiteElo "1742"]
[BlackElo "2312"]
[Result "1/2-1/2"]
[Round "08"]
[TimeControl "180+1"]
[Date "2021.05.04"]
[WhiteClock "0:00:06"]
[BlackClock "0:00:16"]

1. d4 d5 2. c4 c6 3. Nf3 e6 4. Nc3 dxc4 5. a4 Bb4 6. Qc2 Nf6 7. Bd2 a5 8. e4 b5 9. axb5 Bxc3 10. Bxc3 cxb5 11. b3 Bb7 12. bxc4 Bxe4 13. Bd3 Bxd3 14. Qxd3 bxc4 15. Qxc4 O-O 16. O-O Nd5 17. Bd2 Nd7 18. Qb5 a4 19. Rxa4 Rxa4 20. Qxa4 N7b6 21. Qb5 Qa8 22. Rc1 Qa2 23. Be1 h6 24. Ne5 Qa3 25. Qc5 Qb2 26. Nd3 Qe2 27. Qc2 Qe4 28. Ne5 Qxd4 29. Nc6 Qf6 30. Bc3 Nxc3 31. Qxc3 Qxc3 32. Rxc3 Nd5 33. Rb3 Rc8 34. Rb8 Rxb8 35. Nxb8 Kf8 36. f3 Ke7 37. Nc6+ Kd6 38. Nd8 f6 39. Nb7+ Kc6 40. Nd8+ Kd7 41. Nb7 Nb4 42. Kf2 Na6 43. Na5 Kd6 44. Nc4+ Kd5 45. Nb6+ Kd4 46. Nd7 e5 47. Nf8 Kd5 48. Ng6 Nc5 49. Ne7+ Ke6 50. Nc6 Kd6 51. Nd8 Ne6 52. Nb7+ Kd5 53. g3 Kc6 54. Na5+ Kb6 55. Nc4+ Kc5 56. Ne3 g6 57. h3 f5 58. Nc2 Nd4 59. Ne3 Kd6 60. g4 Ke6 61. Nc4 Nb5 62. Nb6 Nd6 63. Ke3 Kf6 64. Nd7+ Ke6 65. Nf8+ Kf7 66. Nd7 Nc4+ 67. Kd3 Ke7 68. Nc5 Nd6 69. Ke3 Kf6 70. Nd7+ Ke6 71. Nf8+ Kf7 72. Nd7 f4+ 73. Kf2 Ke6 74. Nf8+ Kf6 75. Nd7+ Ke6 76. Nf8+ Kf7 77. Nd7 Nc4 78. Ke2 Ke6 79. Nf8+ Kf6 80. Nd7+ Kg5 81. Nf8 Nd6 82. h4+ Kf6 83. Nd7+ Ke6 84. Nf8+ Kf7 85. Nd7 e4 86. fxe4 Ke6 87. Nf8+ Kf7 88. Nd7 Nxe4 89. Kf3 Nc3 90. Kxf4 Nd5+ 91. Kf3 Ke6 92. Nf8+ Kf6 93. Nd7+ Kg7 94. Ne5 Nf6 95. Kf4 Ne8 96. g5 h5 97. Nd7 Nd6 98. Nf6 Nf5 99. Nxh5+ Kf7 100. Nf6 Nxh4 101. Kg4 Nf5 102. Ne4 Ng7 103. Nd6+ Ke6 104. Ne4 Nf5 105. Nf6 Ne3+ 106. Kf4 Nc4 107. Kg4 Ne5+ 108. Kf4 Nd3+ 109. Kg4 Nf2+ 110. Kf4 Kf7 111. Nd5 Nd3+ 112. Kg4 Nc5 113. Kf4 Ne6+ 114. Kg4 Kg7 115. Nf4 Nd4 116. Nxg6 Kxg6 117. Kf4 Ne6+ 118. Ke5 Nxg5 1/2-1/2


[Site "https://www.chess.com"]

[Event "Titled Tuesday Blitz May 4 2021"]
[White "Lonoff, Marc"]
[Black "Bashirli, Saadat"]
[WhiteFideId "2001349"]
[BlackFideId "13429990"]
[WhiteElo "2175"]
[BlackElo "1153"]
[Result "0-1"]
[Round "08"]
[TimeControl "180+1"]
[Date "2021.05.04"]
[WhiteClock "0:00:03"]
[BlackClock "0:00:43"]

1. c4 e6 2. e4 Nf6 3. Nc3 d6 4. g3 Nc6 5. Bg2 Bd7 6. Nge2 Be7 7. O-O O-O 8. h3 e5 9. d3 Be6 10. Kh2 h6 11. Nd5 Bxd5 12. cxd5 Nd4 13. Nxd4 exd4 14. f4 c6 15. b3 cxd5 16. e5 dxe5 17. fxe5 Nh7 18. Bb2 Bc5 19. Qg4 Ng5 20. Bxd4 h5 21. Qh4 Bxd4 22. Qxd4 Rc8 23. Rf2 Qe7 24. Raf1 Rcd8 25. Qh4 g6 26. d4 Rd7 27. Rf6 Nh7 28. Qf4 Kg7 0-1


[Site "https://www.chess.com"]

[Event "Titled Tuesday Blitz May 4 2021"]
[White "Lopez Del Alamo, Antonio"]
[Black "Suvorov, Luca"]
[WhiteFideId "2227339"]
[BlackFideId "12977071"]
[WhiteElo "2098"]
[BlackElo "2127"]
[Result "0-1"]
[Round "08"]
[TimeControl "180+1"]
[Date "2021.05.04"]
[WhiteClock "0:00:11"]
[BlackClock "0:00:08"]

1. e4 e5 2. Bc4 Nf6 3. d3 Nc6 4. Nc3 Na5 5. Bb3 Nxb3 6. axb3 Bc5 7. Nf3 d6 8. h3 a6 9. Be3 Bxe3 10. fxe3 O-O 11. O-O h6 12. Qe1 Re8 13. Nh4 d5 14. exd5 Nxd5 15. Nxd5 Qxd5 16. Nf5 e4 17. Nd4 c5 18. c4 Qe5 19. Nc2 exd3 20. Na3 Bd7 21. Rf3 Bc6 22. Rg3 Qxb2 23. Rb1 Qxa3 24. Qc3 g6 25. Rf1 Re6 26. Rf6 Rxf6 27. Qxf6 Be4 28. h4 d2 29. h5 d1=Q+ 30. Kh2 Qxh5+ 31. Rh3 Qg4 32. Rg3 Qxg3+ 33. Kxg3 Qc1 34. Kh2 Qxe3 35. b4 Qe2 36. Qf5 Qxg2# 0-1


[Site "https://www.chess.com"]

[Event "Titled Tuesday Blitz May 4 2021"]
[White "Luberanski, Jakub"]
[Black "Jary, Sergey"]
[WhiteFideId "21830509"]
[BlackFideId "14110350"]
[WhiteElo "2078"]
[BlackElo "2260"]
[Result "1-0"]
[Round "08"]
[TimeControl "180+1"]
[Date "2021.05.04"]
[WhiteClock "0:00:14"]
[BlackClock "0:00:55"]

1. e4 c6 2. Nf3 g6 3. d4 Bg7 4. c4 Na6 5. Nc3 Nc7 6. Be2 d6 7. O-O Nf6 8. Re1 O-O 9. Bf1 Bg4 10. h3 Bxf3 11. Qxf3 e5 12. d5 Nh5 13. Qd1 cxd5 14. cxd5 Nf4 15. g3 Nh5 16. Be2 Nf6 17. Bf3 Qd7 18. Kg2 h5 19. Bd2 Kh7 20. Rc1 Bh6 21. Bxh6 Kxh6 22. Qd2+ Kg7 23. Nd1 Rfc8 24. Ne3 Nb5 25. Nf5+ gxf5 26. Qg5+ Kf8 27. Qxf6 Nd4 28. Bxh5 Rxc1 29. Rxc1 Kg8 30. exf5 Qxf5 31. Bxf7+ Kh7 32. Qxf5+ Nxf5 33. Rc7 Kh6 34. Rxb7 a5 35. Be6 Nd4 36. h4 Re8 37. Bg4 Rg8 38. Bd1 Nf5 39. Kh3 Rf8 40. Rb6 Rd8 41. g4 Ne7 42. g5+ Kg6 43. Kg4 Nxd5 44. h5+ Kg7 45. Rb7+ Kh8 46. h6 Rf8 47. Bc2 Nf4 48. Rh7+ Kg8 49. Rg7+ Kh8 50. Ra7 d5 51. Rxa5 e4 52. Bb3 d4 53. Rf5 Rxf5 54. Kxf5 e3 55. fxe3 dxe3 56. Bc4 e2 57. Bxe2 Nxe2 58. a4 Nd4+ 59. Ke4 Ne6 60. a5 Nxg5+ 61. Kd5 Nf7 62. a6 Nd8 63. Kd6 Kh7 64. Kd7 Nf7 65. a7 Ne5+ 66. Kc7 1-0


[Site "https://www.chess.com"]

[Event "Titled Tuesday Blitz May 4 2021"]
[White "Lysenko, Volodymyr"]
[Black "Novikova, Galina"]
[WhiteFideId "14175770"]
[BlackFideId "4157095"]
[WhiteElo "1957"]
[BlackElo "1966"]
[Result "0-1"]
[Round "08"]
[TimeControl "180+1"]
[Date "2021.05.04"]
[WhiteClock "0:00:11"]
[BlackClock "0:00:06"]

1. d4 Nf6 2. c4 g6 3. Nc3 Bg7 4. e4 d6 5. Bg5 O-O 6. Nf3 Na6 7. Be2 Bg4 8. O-O c5 9. d5 Bxf3 10. Bxf3 Nd7 11. Re1 h6 12. Bh4 Nc7 13. Qd2 a6 14. a4 Rb8 15. Bg4 Ne5 16. Be2 g5 17. Bg3 Ng6 18. Nd1 b5 19. axb5 axb5 20. Ne3 bxc4 21. Nxc4 Nb5 22. Bh5 Nd4 23. e5 Nb3 24. Qc2 Nxa1 25. Rxa1 Nxe5 26. Nxe5 dxe5 27. Qxc5 Rxb2 28. Re1 Qb8 29. h4 Rb1 30. Rxb1 Qxb1+ 31. Kh2 gxh4 32. Bxh4 Qf5 33. g4 Qf4+ 34. Bg3 Qg5 35. Qc6 f5 36. Qe6+ Kh8 37. f3 Qd2+ 38. Kh3 f4 39. Bh4 Qd1 40. Kg2 Qe2+ 41. Bf2 Bf6 42. d6 Bh4 43. Qxh6+ Kg8 44. Qg6+ Kh8 45. Qh6+ Kg8 46. Bf7+ Rxf7 47. Qxh4 exd6 48. Qg5+ Rg7 49. Qd8+ Kh7 50. Qxd6 e4 51. Qxf4 exf3+ 52. Qxf3 Rxg4+ 53. Kh3 Qxf3+ 0-1


[Site "https://www.chess.com"]

[Event "Titled Tuesday Blitz May 4 2021"]
[White "Madaminov, Mukhiddin"]
[Black "Rodriguez, Santiago"]
[WhiteFideId "14210703"]
[BlackFideId "3000591"]
[WhiteElo "1747"]
[BlackElo "2256"]
[Result "1-0"]
[Round "08"]
[TimeControl "180+1"]
[Date "2021.05.04"]
[WhiteClock "0:01:20"]
[BlackClock "0:00:01"]

1. d4 Nf6 2. Nc3 e6 3. e4 c5 4. d5 a6 5. e5 Nxd5 6. Nxd5 exd5 7. Qxd5 d6 8. Nf3 Nc6 9. Bf4 Be6 10. Qd2 d5 11. O-O-O Be7 12. h4 Qa5 13. Qxa5 Nxa5 14. Bg5 h6 15. Bxe7 Kxe7 16. h5 Nc6 17. Rh4 b5 18. a3 Rab8 19. b4 cxb4 20. axb4 Rhc8 21. Kb2 a5 22. bxa5 Nxa5 23. Rb4 Nc4+ 24. Bxc4 bxc4 25. Rxb8 Rxb8+ 26. Kc3 Ra8 27. Nd4 Bg4 28. f3 Be6 29. Rb1 Ra3+ 30. Kd2 Ra2 31. Rb7+ Kf8 32. g4 Ra1 33. Rc7 Rg1 34. Ra7 Rg2+ 35. Kc3 Rg3 36. Kb4 Rg1 37. Kc5 Kg8 38. Kd6 Rf1 39. Ra8+ Kh7 40. Rf8 Rd1 41. c3 Rd3 42. Nxe6 fxe6 43. Kxe6 d4 44. cxd4 c3 45. Rc8 Rxf3 46. d5 g5 47. Rc7+ Kh8 48. d6 1-0


[Site "https://www.chess.com"]

[Event "Titled Tuesday Blitz May 4 2021"]
[White "Maiorov, Nikita"]
[Black "Christiansen, Johan-Sebastian"]
[WhiteFideId "13501720"]
[BlackFideId "1512668"]
[WhiteElo "2440"]
[BlackElo "2593"]
[Result "1-0"]
[Round "08"]
[TimeControl "180+1"]
[Date "2021.05.04"]
[WhiteClock "0:00:15"]
[BlackClock "0:00:06"]

1. d4 Nf6 2. c4 c5 3. d5 b5 4. cxb5 a6 5. bxa6 g6 6. Nc3 Bg7 7. e4 O-O 8. a7 Rxa7 9. Nf3 e6 10. Be2 exd5 11. exd5 d6 12. O-O Re8 13. Nd2 Nbd7 14. Nc4 Nb6 15. Ne3 Ne4 16. Nxe4 Rxe4 17. Qc2 Rb4 18. a3 Rh4 19. Bd2 Be5 20. g3 Rh3 21. Bc3 f6 22. a4 Nd7 23. f4 Bd4 24. Bxd4 cxd4 25. Nc4 Nc5 26. b4 Bf5 27. Qd1 Ne4 28. Qxd4 Re7 29. Bf3 g5 30. Bg2 Rh5 31. Rae1 gxf4 32. Bxe4 fxg3 33. hxg3 Qe8 34. Nd2 Qg6 35. Re3 Qg4 36. Rf4 Qd1+ 37. Rf1 Qg4 38. Qd3 Qh3 39. Rxf5 Qh2+ 40. Kf1 Rxf5+ 41. Bxf5 Qh1+ 42. Ke2 Qg2+ 43. Kd1 Qg1+ 44. Nf1 Rxe3 45. Qxe3 Qxf1+ 46. Kd2 Qxf5 47. Qe6+ Qxe6 48. dxe6 Kf8 49. a5 Ke7 50. a6 1-0


[Site "https://www.chess.com"]

[Event "Titled Tuesday Blitz May 4 2021"]
[White "Maly, Alexey"]
[Black "Tokhirjonova, Gulrukhbegim"]
[WhiteFideId "14103184"]
[BlackFideId "14203626"]
[WhiteElo "2314"]
[BlackElo "2236"]
[Result "1-0"]
[Round "08"]
[TimeControl "180+1"]
[Date "2021.05.04"]
[WhiteClock "0:00:47"]
[BlackClock "0:00:02"]

1. d4 Nf6 2. c4 e6 3. Nf3 d5 4. e3 Nbd7 5. Nbd2 c5 6. cxd5 exd5 7. dxc5 Bxc5 8. a3 O-O 9. b4 Bd6 10. Bb2 Re8 11. Be2 Nf8 12. O-O Be6 13. Nb3 N8d7 14. Rc1 Qe7 15. Nbd4 a6 16. Nxe6 fxe6 17. Nd4 Qf7 18. Qb3 g6 19. Rfd1 Ne5 20. Nf3 Nxf3+ 21. Bxf3 Rac8 22. Qd3 Bb8 23. h3 Nd7 24. Rxc8 Rxc8 25. e4 dxe4 26. Bxe4 Ne5 27. Qd4 b5 28. Rf1 Qf4 29. g3 Qf8 30. f4 Qe7 31. Kh1 Rc4 32. Qe3 Ba7 33. Qe2 Nc6 34. Bxc6 Rxc6 35. Qe5 Kf7 36. Qh8 Rc2 37. Qxh7+ Kf8 38. Qh6+ Kf7 39. Qg7+ Ke8 40. Qxg6+ Kd8 41. Qxc2 1-0


[Site "https://www.chess.com"]

[Event "Titled Tuesday Blitz May 4 2021"]
[White "Manolache, Marius"]
[Black "Novikov, Evgenij"]
[WhiteFideId "1201530"]
[BlackFideId "4125380"]
[WhiteElo "2391"]
[BlackElo "2242"]
[Result "1-0"]
[Round "08"]
[TimeControl "180+1"]
[Date "2021.05.04"]
[WhiteClock "0:01:50"]
[BlackClock "0:00:07"]

1. d4 d5 2. c4 e6 3. Nc3 Nf6 4. cxd5 exd5 5. Bg5 Nbd7 6. e3 c6 7. Bd3 h6 8. Bh4 Be7 9. Qc2 O-O 10. Nge2 Re8 11. h3 a6 12. O-O-O Ne4 13. Bxe7 Qxe7 14. Bxe4 dxe4 15. g4 Nf6 16. Rhg1 Be6 17. g5 hxg5 18. Rxg5 g6 19. Rdg1 Kh7 20. Nf4 Bf5 21. h4 Rg8 22. Qd1 Rg7 23. h5 Kg8 24. h6 Rh7 25. Rxf5 Rxh6 26. Re5 Qd8 27. Nxe4 Nd7 28. Reg5 Nf8 29. Qb3 Kg7 30. Nh5+ Kg8 31. Nef6+ Kh8 32. Qxf7 Nh7 33. Qg7# 1-0


[Site "https://www.chess.com"]

[Event "Titled Tuesday Blitz May 4 2021"]
[White "Manukian, Artak"]
[Black "Li, Hui"]
[WhiteFideId "13301373"]
[BlackFideId "15400310"]
[WhiteElo "2470"]
[BlackElo "1954"]
[Result "1/2-1/2"]
[Round "08"]
[TimeControl "180+1"]
[Date "2021.05.04"]
[WhiteClock "0:00:50"]
[BlackClock "0:00:03"]

1. e4 e5 2. Nf3 Nf6 3. Nxe5 d6 4. Nf3 Nxe4 5. Nc3 Nxc3 6. dxc3 Be7 7. Bf4 Nc6 8. Qd2 Be6 9. O-O-O Qd7 10. Ng5 Bxg5 11. Bxg5 f6 12. Be3 a6 13. c4 O-O-O 14. c5 dxc5 15. Qxd7+ Rxd7 16. Rxd7 Bxd7 17. Bxc5 Re8 18. Bd3 Ne5 19. Bxh7 Bc6 20. f4 Nd7 21. Bb4 b6 22. Bf5 Bxg2 23. Rg1 Be4 24. Bxd7+ Kxd7 25. Rxg7+ Kc6 26. Be7 Rh8 27. Bxf6 Rxh2 28. Be5 Rxc2+ 29. Kd1 Kb5 30. Rxc7 Rxc7 31. Bxc7 Kc6 32. Bd8 b5 33. Kd2 Bb1 34. a3 Kd5 35. Ke3 Bg6 36. Kf3 Bf5 37. Bc7 Bc8 38. Kg3 Ke4 39. Kh4 Kf5 40. Kg3 Bd7 41. Kf3 Bc6+ 42. Ke3 Bd5 43. Kd4 Bb3 44. Kc5 Bc4 45. Kb6 Ke4 46. b4 Bb3 47. Kxa6 Ba4 48. Kb6 Kf5 49. Kc5 Ke4 50. Kd6 Kf5 51. Kd5 Bb3+ 52. Kd4 Ba4 53. Be5 Ke6 54. Ke4 Bc2+ 55. Ke3 Kf5 56. Kd4 Ba4 57. Kc5 Ke6 58. Bc7 Kf5 59. Kd5 Bb3+ 60. Kd4 Ba4 61. Kc5 Ke6 62. Bb8 Kf5 63. Kd4 Ke6 64. Ke4 Bc2+ 65. Kf3 Kf5 66. Kg3 Ba4 67. Kh4 Bb3 68. Kh5 Ba4 69. Kh6 Bb3 70. Kg7 Ba4 71. Kf7 Bb3+ 72. Ke7 Ba4 73. Kd6 Bb3 74. Kc5 Ba4 75. Kb6 Ke6 76. Be5 Kf5 77. Kc5 Ke6 78. Kd4 Kf5 79. Kd5 Bb3+ 80. Kd6 Ba4 81. Kd7 Bb3 82. Bd6 Ba4 83. Kc6 Ke6 84. Bb8 Kf5 85. Kd5 Bb3+ 86. Kd4 Ba4 87. Kc5 Ke6 88. Kd4 Kf5 89. Kc3 Ke6 90. Kd2 Kf5 91. Ke2 Bb3 92. Ke3 Ba4 93. Kd4 Bb3 94. Kc5 Ba4 1/2-1/2


[Site "https://www.chess.com"]

[Event "Titled Tuesday Blitz May 4 2021"]
[White "Martinez Alcantara, Jose Eduardo"]
[Black "Kovalev, Vladislav"]
[WhiteFideId "3805662"]
[BlackFideId "13504398"]
[WhiteElo "2690"]
[BlackElo "2573"]
[Result "0-1"]
[Round "08"]
[TimeControl "180+1"]
[Date "2021.05.04"]
[WhiteClock "0:00:03"]
[BlackClock "0:00:04"]

1. e4 e5 2. Nf3 Nc6 3. Bb5 a6 4. Ba4 d6 5. c3 Bd7 6. O-O Nf6 7. Re1 g6 8. d4 Bg7 9. h3 O-O 10. Nbd2 Re8 11. Bc2 b5 12. a3 a5 13. Nf1 a4 14. Ng3 Na5 15. dxe5 dxe5 16. Qe2 Qb8 17. Rd1 c6 18. Nh2 Be6 19. Qf3 Nc4 20. Bg5 Nd7 21. Ng4 Bxg4 22. Qxg4 Nc5 23. Nf5 gxf5 24. exf5 f6 25. Bxf6 Ra7 26. Bg5 Kh8 27. f6 Bf8 28. Qh5 e4 29. Rd4 Re5 30. f4 Rd5 31. Rad1 Ne3 32. Bxe4 Nxe4 33. Re1 Ng3 34. Qf3 Rxd4 35. cxd4 Nef5 36. Re6 Rf7 37. Qxc6 Qc7 38. Qxc7 Rxc7 39. Kf2 Kg8 40. d5 h5 41. Ke1 Rc2 42. Kd1 Rxg2 43. d6 Bxd6 44. f7+ Kxf7 45. Rf6+ Kg7 46. h4 Ne3+ 0-1


[Site "https://www.chess.com"]

[Event "Titled Tuesday Blitz May 4 2021"]
[White "Martinez Lopez, David"]
[Black "Kett, Tim"]
[WhiteFideId "22235779"]
[BlackFideId "1801210"]
[WhiteElo "2359"]
[BlackElo "2098"]
[Result "1/2-1/2"]
[Round "08"]
[TimeControl "180+1"]
[Date "2021.05.04"]
[WhiteClock "0:00:18"]
[BlackClock "0:01:05"]

1. e4 e5 2. Nf3 Nc6 3. d4 exd4 4. Nxd4 Nf6 5. Nc3 Bb4 6. Nxc6 bxc6 7. Bd3 O-O 8. O-O d5 9. exd5 cxd5 10. h3 c6 11. Bf4 Bd6 12. Qf3 Bxf4 13. Qxf4 Be6 14. Rad1 Qb8 15. Qxb8 Raxb8 16. Na4 c5 17. b3 c4 18. Be2 Bf5 19. Rc1 cxb3 20. cxb3 d4 21. Rfd1 Rfd8 22. Nc5 Ne4 23. Nxe4 Bxe4 24. Bd3 Bxd3 25. Rxd3 Rd7 26. Rcd1 Rbd8 27. f4 f5 28. Kf2 Kf7 29. R1d2 Rd5 30. b4 a5 31. bxa5 Rxa5 32. Rxd4 Rxd4 33. Rxd4 Rxa2+ 34. Kf3 Ra3+ 35. Kf2 Ra2+ 36. Kf3 Ra3+ 37. Kf2 Ra2+ 1/2-1/2


[Site "https://www.chess.com"]

[Event "Titled Tuesday Blitz May 4 2021"]
[White "Matinian, Nikita"]
[Black "Tristan, Leonardo"]
[WhiteFideId "24129100"]
[BlackFideId "113816"]
[WhiteElo "2410"]
[BlackElo "2404"]
[Result "1/2-1/2"]
[Round "08"]
[TimeControl "180+1"]
[Date "2021.05.04"]
[WhiteClock "0:00:05"]
[BlackClock "0:00:01"]

1. e4 d5 2. exd5 Qxd5 3. Nc3 Qa5 4. Bc4 Nf6 5. Nge2 Nc6 6. d4 Bg4 7. f3 Bf5 8. d5 O-O-O 9. Be3 Nb4 10. O-O Nxc2 11. Bf2 Nxa1 12. Nd4 Qb4 13. Qe2 Bc2 14. Rxa1 Qxb2 15. Qe1 e5 16. dxe6 Bc5 17. Nxc2 Bxf2+ 18. Qxf2 Qxc3 19. Bb3 fxe6 20. Qxa7 Qc6 21. Qa8+ Kd7 22. Qa5 Qb6+ 23. Qxb6 cxb6 24. Nd4 Nd5 25. Re1 Rhe8 26. Ba4+ Kd6 27. Bxe8 Rxe8 28. Kf2 g6 29. h4 e5 30. Nb5+ Kc5 31. Na3 Ra8 32. Rc1+ Kd4 33. Nb5+ Kd3 34. a3 Ra5 35. Rd1+ Kc4 36. Nd6+ Kb3 37. Nxb7 Nc3 38. Rd6 Rxa3 39. Rxb6+ Kc4 40. Rc6+ Kd4 41. Rc7 Ra2+ 42. Kg3 Ne2+ 43. Kg4 Nf4 44. Rd7+ Kc4 45. g3 Ne2 46. Rxh7 Ra4 47. Nd6+ Kd3+ 48. Ne4 Ke3 49. Re7 Nd4 50. Rxe5 Nxf3 51. Re6 Rxe4+ 52. Rxe4+ Kxe4 53. h5 gxh5+ 54. Kxh5 Ne5 55. Kg5 Kf3 56. Kf5 Kxg3 1/2-1/2


[Site "https://www.chess.com"]

[Event "Titled Tuesday Blitz May 4 2021"]
[White "Matthiesen, Martin"]
[Black "Bommini, Mounika Akshaya"]
[WhiteFideId "1404067"]
[BlackFideId "25019872"]
[WhiteElo "2337"]
[BlackElo "1610"]
[Result "0-1"]
[Round "08"]
[TimeControl "180+1"]
[Date "2021.05.04"]
[WhiteClock "0:00:27"]
[BlackClock "0:00:48"]

1. d4 Nf6 2. Nf3 d5 3. Bf4 c5 4. e3 Nc6 5. Nbd2 Bf5 6. dxc5 e6 7. Nb3 Bxc5 8. Nxc5 Qa5+ 9. c3 Qxc5 10. h3 Ne4 11. Be2 O-O 12. O-O f6 13. Bh2 e5 14. Rc1 Rfd8 15. b4 Qe7 16. b5 Na5 17. Qa4 b6 18. c4 Nc5 19. Qa3 dxc4 20. Bxc4+ Nxc4 21. Rxc4 Bd3 22. Rcc1 Bxf1 23. Rxf1 Rd3 24. Qb4 Rad8 25. a4 Rd1 26. a5 Rxf1+ 27. Kxf1 Qe6 28. g4 Qa2 29. axb6 axb6 30. Kg2 Qxf2+ 31. Kxf2 Nd3+ 32. Ke2 Nxb4 33. Nd2 Rd5 0-1


[Site "https://www.chess.com"]

[Event "Titled Tuesday Blitz May 4 2021"]
[White "Mekhitarian, Krikor Sevag"]
[Black "Suvorov, Alexander"]
[WhiteFideId "2107660"]
[BlackFideId "12977063"]
[WhiteElo "2598"]
[BlackElo "2221"]
[Result "1/2-1/2"]
[Round "08"]
[TimeControl "180+1"]
[Date "2021.05.04"]
[WhiteClock "0:00:05"]
[BlackClock "0:00:05"]

1. e4 c5 2. Nf3 e6 3. d4 cxd4 4. Nxd4 Nc6 5. Nc3 Qc7 6. g3 a6 7. Bg2 Nge7 8. Nb3 Ng6 9. O-O Be7 10. Kh1 b5 11. f4 Bb7 12. f5 Nge5 13. Bf4 h5 14. h3 O-O-O 15. a4 b4 16. Nd5 exd5 17. exd5 Nb8 18. Qd4 Bf6 19. Qxb4 d6 20. Na5 Nbd7 21. Nxb7 Qxb7 22. Qxd6 Rhe8 23. Qa3 Nc4 24. Qb3 Qxb3 25. cxb3 Ne3 26. Rfc1+ Kb7 27. Bf3 Ne5 28. Bxh5 Nxf5 29. Kg2 g5 30. Bd2 Nd4 31. Rf1 Rd6 32. Bc3 Nxb3 33. Bb4 Rb6 34. Rae1 Rxb4 35. Rxf6 Nd4 36. d6 Rxb2+ 37. Kf1 Ndc6 38. Rf5 Rd8 39. Bxf7 Rxd6 40. Bh5 Rdd2 41. Re2 Rxe2 42. Bxe2 Kb6 43. Rxg5 Rb4 44. h4 Rxa4 45. h5 Rd4 46. h6 Rd7 47. Rh5 Rh7 48. g4 Ng6 49. g5 Nce5 50. Ke1 Re7 51. Kd1 a5 52. Rh1 a4 53. Bh5 a3 54. Bxg6 Nxg6 55. Kc2 Re5 56. Kb3 Re3+ 57. Ka2 Kb5 58. h7 Kb4 59. h8=Q Nxh8 60. Rxh8 Re2+ 61. Ka1 Rg2 62. Rb8+ Kc3 63. Rb5 Kc4 64. Rf5 Kb3 65. Rf3+ Kb4 66. Rf4+ Kb3 67. Rf3+ Kb4 68. Rf5 Kb3 69. Rf3+ 1/2-1/2


[Site "https://www.chess.com"]

[Event "Titled Tuesday Blitz May 4 2021"]
[White "Melkevik, Johannes"]
[Black "Guzman Moneo, Alberto"]
[WhiteFideId "1501836"]
[BlackFideId "2209616"]
[WhiteElo "1727"]
[BlackElo "2157"]
[Result "1/2-1/2"]
[Round "08"]
[TimeControl "180+1"]
[Date "2021.05.04"]
[WhiteClock "0:00:07"]
[BlackClock "0:00:15"]

1. d4 Nf6 2. Nf3 d5 3. g3 c5 4. Bg2 cxd4 5. O-O g6 6. Nxd4 Bg7 7. Nc3 e5 8. Ndb5 a6 9. Na3 d4 10. Ne4 Nxe4 11. Bxe4 Nc6 12. e3 Bh3 13. Re1 O-O 14. exd4 exd4 15. Bf4 Re8 16. Nc4 Be6 17. Nd6 Re7 18. Nxb7 Qb6 19. Nd6 Rd8 20. Bxc6 Qxc6 21. Ne4 h6 22. Qd2 g5 23. Be3 Qxe4 24. Bxg5 Qf3 25. Bxe7 Bd5 26. Kf1 Re8 27. Qf4 Qg2+ 28. Ke2 Rxe7+ 29. Kd2 Be4 30. Rad1 f5 31. Kc1 Be5 32. Qxh6 Qxf2 33. Qg6+ Rg7 34. Qe8+ Kh7 35. Qh5+ Kg8 36. Qe8+ Kh7 37. Qh5+ Kg8 38. Qe8+ 1/2-1/2


[Site "https://www.chess.com"]

[Event "Titled Tuesday Blitz May 4 2021"]
[White "Mickiewicz, Piotr"]
[Black "Brunner, Nicolas"]
[WhiteFideId "1114891"]
[BlackFideId "620246"]
[WhiteElo "2263"]
[BlackElo "2372"]
[Result "1-0"]
[Round "08"]
[TimeControl "180+1"]
[Date "2021.05.04"]
[WhiteClock "0:00:15"]
[BlackClock "0:00:01"]

1. Nf3 c5 2. g3 Nc6 3. Bg2 g6 4. O-O Bg7 5. d3 e5 6. c4 Nge7 7. Nc3 d6 8. Rb1 O-O 9. a3 a5 10. Ne1 Be6 11. Nc2 d5 12. cxd5 Nxd5 13. Ne3 Nde7 14. Nc4 Rb8 15. Nb5 b6 16. Be3 Qd7 17. Qa4 Bd5 18. Nc3 Bxg2 19. Kxg2 Qb7 20. Nd6 Qa8 21. Kg1 Rbd8 22. Ncb5 Nd4 23. Bxd4 exd4 24. Rfe1 Nd5 25. Qc4 Qc6 26. Ne4 Qe6 27. Rbd1 h6 28. e3 dxe3 29. fxe3 f5 30. Nf2 Rfe8 31. Qc1 Qc6 32. Nc3 Kh7 33. e4 Nxc3 34. bxc3 Qf6 35. Kg2 Qxc3 36. Qb1 Rd6 37. exf5 Rxe1 38. fxg6+ Rxg6 39. Rxe1 Qd4 40. Ne4 a4 41. Re2 h5 42. Qc2 h4 43. Qc4 hxg3 44. hxg3 Rh6 45. Ng5+ Kh8 46. Nf7+ Kh7 47. Nxh6 Kxh6 48. Qe6+ 1-0


[Site "https://www.chess.com"]

[Event "Titled Tuesday Blitz May 4 2021"]
[White "Mikhalevski, Victor"]
[Black "Christensen, Thomas"]
[WhiteFideId "2801914"]
[BlackFideId "1403532"]
[WhiteElo "2567"]
[BlackElo "2321"]
[Result "1-0"]
[Round "08"]
[TimeControl "180+1"]
[Date "2021.05.04"]
[WhiteClock "0:01:17"]
[BlackClock "0:00:06"]

1. d4 Nc6 2. Nf3 d6 3. Bf4 g6 4. e3 Bg7 5. c3 Bd7 6. Nbd2 e5 7. Bg3 Nge7 8. b4 exd4 9. exd4 O-O 10. Bh4 Qe8 11. Be2 Nf5 12. Bg3 Nxg3 13. hxg3 f5 14. O-O f4 15. Re1 Qf7 16. Ne4 Kh8 17. Neg5 Qf5 18. gxf4 Qxf4 19. Bc4 Bg4 20. Ne6 Bxe6 21. Rxe6 Rae8 22. Qe2 Rxe6 23. Qxe6 g5 24. Bd5 g4 25. g3 Qf6 26. Qxf6 Rxf6 27. Ng5 h6 28. Ne6 Rf7 29. Re1 Re7 30. Re4 Bf6 31. Rxg4 Kh7 32. Be4+ Kh8 33. Bf5 Nb8 34. Rg6 Bg7 35. Nxg7 Rxg7 36. Rxh6+ Kg8 37. Be6+ 1-0


[Site "https://www.chess.com"]